 Dungeon Crawl Stone Soup version 0.14.2 (webtiles) character file.

4373 KristoblXynda the Covert (level 9, -2/42 HPs)
             Began as a Spriggan Enchanter on Feb 11, 2017.
             Was a Follower of Ashenzari.
             Slain by a big kobold
             ... wielding a +2,+2 short sword
              (6 damage)
             ... on Level 8 of the Dungeon.
             The game lasted 00:36:37 (8676 turns).

KristoblXynda the Covert (Spriggan Enchanter)       Turns: 8676, Time: 00:36:38

HP  -2/42        AC  4     Str  5      XL: 9   Next: 98%
MP  25/25        EV 23     Int 19      God: Ashenzari [*.....]
Gold 526         SH  0     Dex 16      Spells:  4 memorised,  6 levels left

rFire  . . .     SeeInvis +     l - +2,+1 cutlass (venom) (curse)
rCold  . . .     Clarity  .     b - +1 robe (curse)
rNeg   . . .     Conserve .     (shield restricted)
rPois  .         rCorr    .     (helmet restricted)
rElec  .         rRot     .     g - +0 cloak (curse)
SustAb . .       Spirit   .     (gloves unavailable)
rMut   .         Warding  .     (boots unavailable)
Saprov . . .     Stasis   .     (no amulet)
MR     +....                    (no ring)
                                d - cursed ring of wizardry

@: very quick, somewhat resistant to hostile enchantments, extremely stealthy
A: unfitting armour, see invisible, herbivore 3, speed 3, mutation resistance 1,
slow metabolism 2
a: Renounce Religion


You were on level 8 of the Dungeon.
You worshipped Ashenzari.
Ashenzari was aware of your devotion.
You were not hungry.

You visited 2 branches of the dungeon, and saw 9 of its levels.

You collected 526 gold pieces.

Inventory:

Hand weapons
 l - a cursed +2,+1 cutlass of venom (weapon)
Missiles
 q - a throwing net (quivered)
 z - 8 darts of dispersal
Armour
 b - a cursed +1 robe (worn)
 g - a cursed +0 cloak (worn)
Magical devices
 r - a wand of frost (11)
Comestibles
 f - 10 bread rations
 m - 10 strawberries
 A - a choko
Scrolls
 j - 2 scrolls of teleportation
 k - a scroll of remove curse
 o - a scroll of blinking
 s - 4 scrolls of identify
 t - 2 scrolls of immolation
 y - 2 scrolls of curse armour
Jewellery
 d - a cursed ring of wizardry (left hand)
Potions
 e - 2 potions of porridge
 h - 6 potions of curing
 n - 2 potions of magic
 v - a potion of mutation
 x - 2 potions of haste
Books
 a - a book of Air

   Spells                             Type                      Level
   Shock                              Conjuration/Air              1
   Swiftness                          Charms/Air                   2
   Repel Missiles                     Charms/Air                   2
   Flight                             Charms/Air                   3
   Static Discharge                   Conjuration/Air              3
   Lightning Bolt                     Conjuration/Air              5
 c - a book of Maledictions

   Spells                             Type                      Level
   *Corona                            Hexes                        1
   Sure Blade                         Hexes/Charms                 2
   *Ensorcelled Hibernation           Hexes/Ice                    2
   *Confuse                           Hexes                        3
   Enslavement                        Hexes                        4
   *Invisibility                      Hexes                        6
 i - a book of Spatial Translocations

   Spells                             Type                      Level
   Apportation                        Translocation                1
   Blink                              Translocation                2
   Shroud of Golubria                 Charms/Translocation         2
   Portal Projectile                  Translocation                3
   Teleport Other                     Translocation                3
   Passage of Golubria                Translocation                4


   Skills:
 + Level 1.6 Fighting
 - Level 5.5 Short Blades
 - Level 1.1 Throwing
 - Level 8.0 Dodging
 - Level 10.6 Stealth
 + Level 5.3 Spellcasting
 + Level 10.4 Hexes
 - Level 6.0 Evocations


You had 6 spell levels left.
You knew the following spells:

 Your Spells              Type           Power        Failure   Level  Hunger
a - Corona                Hex            #####..      1%          1    None
b - Ensorcelled Hibernat  Hex/Ice        ###...       1%          2    None
c - Confuse               Hex            #####...     1%          3    ##.....
d - Invisibility          Hex            #####...     12%         6    #######


Dungeon Overview and Level Annotations

Branches:
Dungeon (8/15)             Temple (1/1) D:5
   Lair: D:8-11

Altars:
Ashenzari
Cheibriados
Dithmenos
Elyvilon
Fedhas
Kikubaaqudgha
Makhleb
Nemelex Xobeh
Okawaru
Sif Muna
Trog
Vehumet
Xom
Yredelemnul
Zin
The Shining One

Annotations:
D:2 exclusion: oklob plant


Innate Abilities, Weirdness & Mutations

You are tiny and cannot use many weapons and most armour.
You have supernaturally acute eyesight.
You are a herbivore.
You cover ground extremely quickly.
You need consume almost no food.
You are somewhat resistant to further mutation.


Message History

* * * LOW HITPOINT WARNING * * *
You barely miss the big kobold.
The big kobold is heavily wounded.
The big kobold misses you.
You hit the big kobold.
The big kobold looks even sicker.
The big kobold is heavily wounded.
The big kobold hits you with an uncursed short sword.
* * * LOW HITPOINT WARNING * * *
You hit the big kobold but do no damage.
The big kobold looks even sicker.
The big kobold is heavily wounded.
The big kobold misses you.
You hit the big kobold.
The big kobold is heavily wounded.
The big kobold hits you with an uncursed short sword!
* * * LOW HITPOINT WARNING * * *
You closely miss the big kobold.
The big kobold is severely wounded.
The big kobold hits you with an uncursed short sword.
You die...

#### ....# K....#
###K..K.# #KK..KK.#
#K# #@### . ##.#.#
#. #####.(..# #.
#.....#..# #.
#.###...## ##.##
##.####.## #...#
####...# #.#
#.#.###....#.......
#...#...##...###.##


You could see a big kobold and 4 kobolds.

Vanquished Creatures
  A troll (D:7)
  Menkaure (D:6)
  A sky beast (D:5)
  3 orc warriors (D:6)
  An ice beast (D:6)
  2 giant goldfish (D:7)
  A phantom (D:6)
  A centaur (D:7)
  5 ogres
  A black bear (D:6)
  Sigmund (D:2)
  12 big kobolds
  4 scorpions (D:4)
  2 electric eels (D:7)
  4 crimson imps
  4 big fish
  2 orc priests
  A giant frog skeleton (D:6)
  2 jellies
  A hound (D:5)
  3 iguanas
  3 orc wizards
  2 worker ants
  Terence (D:3)
  13 adders
  4 gnolls (D:7)
  4 giant mites
  2 shadow imps
  3 worms
  2 adder skeletons (D:5)
  2 giant eyeballs
  5 giant geckos
  4 oozes
  29 orcs
  21 bats
  A bat zombie (D:7)
  6 giant cockroaches
  12 goblins
  17 hobgoblins
  9 jackals
  3 quokkas
  A ball python (D:2)
  7 giant newts
  2 hobgoblin skeletons
  12 kobolds
  An orc skeleton (D:8)
  17 rats
  2 fungi (D:4)
238 creatures vanquished.

Vanquished Creatures (others)
  A giant newt (D:4)
  A fungus (D:4)
  A plant (D:7)
3 creatures vanquished.

Grand Total: 241 creatures vanquished

Notes
Turn   | Place    | Note
--------------------------------------------------------------
     0 | D:1      | KristoblXynda, the Spriggan Enchanter, began the quest for the Orb.
     0 | D:1      | Reached XP level 1. HP: 9/9 MP: 4/4
   445 | D:1      | Reached XP level 2. HP: 13/13 MP: 8/8
   449 | D:1      | Learned a level 2 spell: Ensorcelled Hibernation
   872 | D:2      | Reached skill level 4 in Hexes
   882 | D:2      | Reached XP level 3. HP: 11/16 MP: 2/11
   887 | D:2      | Learned a level 3 spell: Confuse
   955 | D:2      | Noticed Sigmund
  1056 | D:2      | Killed Sigmund
  1056 | D:2      | Reached XP level 4. HP: 13/21 MP: 1/15
  1138 | D:2      | Reached skill level 5 in Stealth
  1396 | D:2      | Found a blossoming altar of Fedhas.
  1541 | D:2      | Reached skill level 5 in Hexes
  1541 | D:2      | Reached XP level 5. HP: 21/24 MP: 13/18
  1586 | D:2      | Noticed an oklob plant
  2109 | D:2      | Reached skill level 6 in Stealth
  2472 | D:3      | Reached XP level 6. HP: 26/28 MP: 13/20
  2501 | D:3      | Noticed Terence
  2557 | D:3      | Killed Terence
  3326 | D:4      | Reached skill level 5 in Spellcasting
  3355 | D:4      | Learned a level 6 spell: Invisibility
  3377 | D:4      | Reached skill level 7 in Stealth
  3417 | D:4      | Reached XP level 7. HP: 25/32 MP: 19/22
  4010 | D:4      | Reached skill level 8 in Stealth
  4664 | D:5      | Entered Level 5 of the Dungeon
  4840 | D:5      | Found a staircase to the Ecumenical Temple.
  5122 | D:5      | Reached XP level 8. HP: 36/36 MP: 20/24
  5399 | Temple   | Entered the Ecumenical Temple
  5461 | Temple   | Became a worshipper of Ashenzari the Shackled
  5530 | D:5      | Reached skill level 9 in Stealth
  5560 | D:5      | Found a snail-covered altar of Cheibriados.
  5561 | D:5      | Found an iron altar of Okawaru.
  5563 | D:5      | Found a basalt altar of Yredelemnul.
  5566 | D:5      | Found a glowing golden altar of the Shining One.
  5926 | D:6      | Reached skill level 5 in Short Blades
  6096 | D:6      | Reached skill level 10 in Stealth
  6658 | D:6      | Reached skill level 1 in Evocations
  6682 | D:6      | Reached XP level 9. HP: 39/39 MP: 11/25
  6771 | D:6      | Reached skill level 5 in Dodging
  6803 | D:6      | Noticed Menkaure
  6809 | D:6      | Killed Menkaure
  7182 | D:7      | Identified a scroll of acquirement
  7428 | D:7      | Gained mutation: You are somewhat resistant to further mutation. [potion of mutation]
  7679 | D:7      | Reached skill level 5 in Evocations
  8275 | D:7      | Reached skill level 10 in Hexes
  8607 | D:8      | Reached skill level 1 in Fighting
  8676 | D:8      | Slain by a big kobold

Action                   |  1- 3 |  4- 6 |  7- 9 || total
-------------------------+-------+-------+-------++-------
Melee: Dagger            |    31 |   128 |       ||   159
       Short sword       |    27 |   168 |   489 ||   684
       Cutlass           |       |       |   102 ||   102
Throw: Dart              |     2 |       |       ||     2
 Cast: Ensorcelled Hiber |     6 |    37 |    65 ||   108
       Confuse           |     2 |     5 |    40 ||    47
Evoke: Wand              |       |       |     5 ||     5
  Use: Scroll            |     4 |     3 |    19 ||    26
       Potion            |       |     1 |     2 ||     3
 Stab: Sleeping          |     7 |    34 |    53 ||    94
       Confused          |     2 |     2 |    26 ||    30
       Distracted        |       |     2 |     4 ||     6
